 Dungeon Crawl Stone Soup version 0.18.1-1-g2f07953 (webtiles) character file.

259 Danakh the Chopper (level 5, -1/42 HPs)
             Began as a Demonspawn Chaos Knight on Oct 21, 2016.
             Slain by an orc priest
             ... wielding a +0 hand axe
              (2 damage)
             ... on level 3 of the Dungeon.
             The game lasted 00:06:23 (1779 turns).

Danakh the Chopper (Demonspawn Chaos Knight)        Turns: 1779, Time: 00:06:25

Health: -1/42      AC:  6    Str: 13    XL:     5   Next: 94%
Magic:  5/5        EV: 11    Int: 14    God:    Xom [......]
Gold:   156        SH:  0    Dex: 14    Spells: 0 memorised, 4 levels left

rFire  . . .     SeeInvis .     a - +0 hand axe (chaos)
rCold  . . .     Gourm    .     b - +2 leather armour
rNeg   . . .     Faith    .     (no shield)
rPois  +         Spirit   .     w - +0 helmet
rElec  .         Dismiss  .     (no cloak)
rCorr  .         Reflect  .     (no gloves)
SustAt .         Harm     .     (no boots)
MR     .....                    (no amulet)
Stlth  +.........               t - +2 ring of dexterity
                                n - ring of poison resistance (curse)

@: very slightly contaminated, not resistant to hostile enchantments, very
unstealthy
A: hooves 2, spiny 1
a: Renounce Religion


You were on level 3 of the Dungeon.
You worshipped Xom.
You were a very special plaything of Xom.
You were not hungry.

You visited 1 branch of the dungeon, and saw 3 of its levels.

You collected 156 gold pieces.

Inventory:

Hand Weapons
 a - a +0 hand axe of chaos (weapon)
Armour
 b - a +2 leather armour (worn)
 w - a +0 helmet (worn)
Jewellery
 l - an uncursed ring of sustain attributes
 m - an uncursed ring of stealth
 n - a cursed ring of poison resistance (left hand)
 t - a +2 ring of dexterity (right hand)
Scrolls
 e - a scroll of remove curse {unknown}
 f - 4 scrolls of identify {unknown}
 j - 3 scrolls of teleportation {unknown}
 k - a scroll of magic mapping {unknown}
 q - 3 scrolls of enchant weapon {unknown}
Potions
 i - 3 potions of heal wounds {unknown}
 u - 2 potions of degeneration {unknown}
Miscellaneous
 p - a box of beasts
Comestibles
 c - 2 bread rations
 d - a slice of pizza
 g - 3 meat rations
 h - 3 fruits
 r - 2 beef jerkies


   Skills:
 + Level 4.0 Fighting
 * Level 4.7 Axes
 + Level 3.2 Armour
 - Level 1.0 Dodging


You had 4 spell levels left.
You didn't know any spells.

Dungeon Overview and Level Annotations

Branches:
Dungeon (3/15)

Altars:
Ashenzari
Kikubaaqudgha
Xom


Innate Abilities, Weirdness & Mutations

You have hoof-like feet.
You are partially covered in sharp spines.


Message History

* * * LOW HITPOINT WARNING * * *
A shower of butterflies erupts from you!
You are too injured to fight recklessly!
Unknown command.
You hit the orc priest but do no damage.
You kick the orc priest, but do no damage.
You hit the orc. You freeze the orc.
The orc is heavily wounded.
The orc barely misses you. The orc misses your butterfly.
The orc priest closely misses you.
The orc priest hits your butterfly with a hand axe.
Your butterfly dies!
The orc priest barely misses your butterfly.
You closely miss the orc priest. You hit the orc. You freeze the orc.
You kill the orc!
The orc throws a stone.
The stone hits you.
* * * LOW HITPOINT WARNING * * *
The orc priest hits you with a hand axe.
You die...
Xom thinks this is hilarious!

#..##..............##.###.##
#..#####.###.#.###.##.##..##
#........# #.#..##.##.##.###
##'####### #.##.##.##.....<.
##...## #.##.##.#####.###
##.....## #b##.##.# #.###
##.......## ##.b.....# #.#.#
###..(......####o.b#.########....
..'..(....†.'lo.@................
).#........)####bb.#.########....
..##.......## ##.##.# #...#
#####.....## ......# #....
##...## .####### ##.## ##'## #
#.# #.# #.## #.# #... #.# ##..


You could see an orc priest, an orc and a giant newt.

Vanquished Creatures
  The ghost of WinterSpartan the Skirmisher, an amateur DsAK of Lugonu (D:3)
  Natasha (twice) (D:3)
  An adder (D:2)
  7 oozes
  3 worms
  2 dart slugs
  A giant gecko (D:1)
  3 orcs (D:3)
  7 giant cockroaches
  5 goblins
  6 hobgoblins
  7 jackals
  2 quokkas (D:3)
  A ball python (D:1)
  9 bats
  2 giant newts
  4 kobolds
  7 rats
70 creatures vanquished.

Notes
Turn   | Place    | Note
--------------------------------------------------------------
     0 | D:1      | Danakh the Demonspawn Chaos Knight began the quest for the Orb.
     0 | D:1      | Reached XP level 1. HP: 18/18 MP: 1/1
     1 | D:1      | Found a runed door.
    34 | D:1      | Found a shattered altar of Ashenzari.
    49 | D:1      | Reached skill level 1 in Dodging
   124 | D:1      | XOM: silly message
   265 | D:1      | Gained mutation: You are partially covered in sharp spines. [demonic ancestry]
   265 | D:1      | Reached XP level 2. HP: 24/24 MP: 2/2
   498 | D:1      | XOM: cast spell 'Confusing Touch'
   499 | D:1      | Gained mutation: You have large cloven feet. [demonic ancestry]
   499 | D:1      | Reached XP level 3. HP: 29/29 MP: 3/3
   632 | D:2      | XOM: god gift: box of beasts
   643 | D:2      | Gained mutation: You have hoof-like feet. [demonic ancestry]
   643 | D:2      | Reached XP level 4. HP: 35/35 MP: 4/4
  1438 | D:3      | Found a shimmering altar of Xom.
  1486 | D:3      | Found an ancient bone altar of Kikubaaqudgha.
  1511 | D:3      | Noticed Natasha
  1519 | D:3      | Killed Natasha
  1519 | D:3      | Reached XP level 5. HP: 21/41 MP: 5/5
  1678 | D:3      | Noticed Natasha
  1689 | D:3      | Killed Natasha
  1703 | D:3      | Noticed WinterSpartan's ghost (amateur DsAK)
  1712 | D:3      | Killed WinterSpartan's ghost
  1777 | D:3      | HP: 2/42 [orc priest/nerve-wracking pain (14)]
  1777 | D:3      | XOM: butterfly on damage
  1779 | D:3      | Slain by an orc priest

Skill      XL: |  1  2  3  4  5 |
---------------+----------------+-----
Dodging        | 1 |  1.0
Armour         | 2 3 |  3.2
Axes           | 3 4 |  4.7
Fighting       | 4 |  4.0

Action                   |  1- 3 |  4- 6 || total
-------------------------+-------+-------++-------
Melee: Hand axe          |    45 |    63 ||   108
       Kick              |     4 |    14 ||    18
  Use: Potion            |       |     2 ||     2
 Stab: Sleeping          |     2 |     1 ||     3
       Paralysed         |       |     3 ||     3
  Eat: Chunk             |       |     4 ||     4
Armor: Leather armour    |    19 |    11 ||    30
Dodge: Dodged            |    42 |    19 ||    61
